 Dungeon Crawl Stone Soup version 0.29.1-1-gd02db6906a (webtiles) character file.

Game seed: 4767924679064171214

36 hawla the Sneak (level 3, -8/33 HPs)
             Began as a Draconian Delver on Oct 2, 2022.
             Mangled by a gnoll
             ... wielding a +0 halberd
              (9 damage)
             ... on level 4 of the Dungeon.
             The game lasted 00:02:24 (676 turns).

hawla the Sneak (Draconian Delver)                   Turns: 676, Time: 00:02:24

Health: -8/33      AC:  6    Str: 14    XL:     3   Next: 19%
Magic:  3/3        EV: 12    Int: 12    God:
Gold:   19         SH:  0    Dex: 12    Spells: 2/2 levels left

rFire   . . .      SeeInvis .   a - +0 mace
rCold   . . .      Faith    .   (no shield)
rNeg    . . .      Spirit   .   (body armour unavailable)
rPois   .          Reflect  .   (helmet restricted)
rElec   .          Harm     .   (no cloak)
rCorr   .          Rampage  .   i - +0 pair of gloves
Will    .....                   (no boots)
Stlth   ++........              (no amulet)
HPRegen 0.11/turn               (no ring)
MPRegen 0.08/turn               (no ring)

@: silenced, hasted, very quick
A: AC +5, unfitting armour, cold-blooded
a: no special abilities


You were on level 4 of the Dungeon.
You visited 1 branch of the dungeon, and saw 2 of its levels.

You collected 19 gold pieces.

Inventory:

Hand Weapons
 a - a +0 mace (weapon)
Armour
 i - a +0 pair of gloves (worn)
Jewellery
 j - a +4 ring of slaying
Wands
 f - a wand of digging (3)
 g - a wand of polymorph (6)
 h - a wand of charming (5)
Scrolls
 b - a scroll of fog
 c - a scroll of magic mapping
 d - a scroll of fear
 m - a scroll of noise {unknown}
Potions
 l - a potion of attraction {unknown}


   Skills:
 + Level 4.0 Fighting
 + Level 2.6 Maces & Flails
 + Level 2.1 Dodging
 - Level 4.5 Stealth


You had 2 spell levels left.
You didn't know any spells.
Your spell library was empty.

Dungeon Overview and Level Annotations

Branches:
Dungeon (5/15)
 Temple: D:4-7

Altars:


Innate Abilities, Weirdness & Mutations

Your plain brown scales are hard. (AC +5)
You cannot fit into any form of body armour.
You are cold-blooded and may be slowed by cold attacks.


Message History

You kill the giant cockroach!
You see here a giant cockroach corpse.
A ball python comes into view.
Found a stone staircase leading down.
The gnoll shouts!
You hit the ball python.
You kill the ball python!
A gnoll comes into view. It is wielding a +0 flail.
The gnoll hits you with a +0 halberd!
The gnoll shouts!
You hit the gnoll but do no damage.
You tail-slap the gnoll, but do no damage.
You hear an angry hiss.
The gnoll hits you with a +0 halberd!
You are too injured to fight recklessly!
You are too injured to fight recklessly!
The gnoll barely misses you.
You see here a giant cockroach corpse.
The gnoll barely misses you.
Found a ring mail.
Found a ring mail.
Found a leather armour.
The gnoll misses you. The gnoll misses you.
As you read the scroll labelled VUPRYW ULEIT, it crumbles to dust.
A profound silence engulfs you.
It was a scroll of silence.
The gnoll barely misses you. The gnoll closely misses you.
The gnoll hits you with a +0 flail!
* * * LOW HITPOINT WARNING * * *
The gnoll closely misses you.
You barely miss the gnoll. The gnoll barely misses you.
The gnoll hits you but does no damage.
The gnoll hits you from afar with a +0 halberd!
* * * LOW HITPOINT WARNING * * *
The gnoll hits you with a +0 flail.
* * * LOW HITPOINT WARNING * * *
You feel yourself speed up. The gnoll barely misses you. The gnoll misses you.
The gnoll hits you from afar with a +0 halberd!
You die...

#### ###..##
###.....#
###...g...##
###...[......#
#........g@### #
##.[.##..#####.##
##.# #...##.....
## ##........#
#........##
##..###..#...
#...# [##.#
####...## ...#
##.#.†...##
#.####


You could see 2 gnolls.

Vanquished Creatures
  2 gnolls
  An adder (D:5)
  An orc (D:4)
  2 ball pythons (D:4)
  A giant cockroach (D:4)
  A kobold (D:4)
8 creatures vanquished.

Notes
Turn   | Place    | Note
-------+----------+-------------------------------------------
     0 | D:5      | hawla the Draconian Delver began the quest for the Orb.
     0 | D:5      | Reached XP level 1. HP: 19/19 MP: 1/1
    34 | D:5      | Reached XP level 2. HP: 18/26 MP: 2/2
   482 | D:4      | Reached XP level 3. HP: 15/33 MP: 3/3
   672 | D:4      | HP: 1/33 [gnoll/+0 flail (1)]
   676 | D:4      | Mangled by a gnoll

Illustrated notes

Levels and vault maps discovered:
D:4:      layout_cave_pools, grunt_ministairs_8
D:5:      layout_rooms

Skill      XL: |  1  2 |
---------------+-------+-----
Dodging        | 2 |  2.1
Fighting       | 4 |  4.0
Maces & Flails | |  2.6
Stealth        | |  4.5

Action                   || total
-------------------------++-------
Melee: Mace              ||    27
       Tailslap          ||     3
  Use: Scroll            ||     1
       Potion            ||     1
 Stab: Sleeping          ||     2
Armor: Skin              ||     9
Dodge: Dodged            ||    27
